 Dungeon Crawl Stone Soup version 0.31-a0-984-gbfb7dba898 (webtiles) character file.

Game seed: 1763913202356352185

27 BinkBink the Ruffian (level 2, -4/27 HPs)
             Began as a Troll Shapeshifter on Nov 3, 2023.
             Slain by an iguana (8 damage)
             ... on level 4 of the Dungeon.
             The game lasted 00:00:57 (700 turns).

BinkBink the Ruffian (Troll Shapeshifter)            Turns: 700, Time: 00:00:57

Health: -4/27      AC:  4    Str: 21    XL:     2   Next: 93%
Magic:  1/1        EV:  9    Int:  6    God:
Gold:   57         SH:  0    Dex:  9    Spells: 1/1 levels left

rFire   . .          .
                       - Unarmed
rCold   . . .        (no shield)
rNeg    . . .        a - +0 animal skin
rPois   .            (helmet currently unavailable)
rElec   .            (cloak currently unavailable)
rCorr   .            (gloves unavailable)
SInv    .            (boots unavailable)
Will    .....        (no amulet)
Stlth   +            (no ring)
HPRegen 1.04/turn    (no ring)
MPRegen 0.07/turn

%: no passive effects
@: beast-form
A: beast (slay +1), large, unfitting armour, claws 3, regeneration 1, shaggy fur
1, tough skin 1
a: Begin Untransformation


You were on level 4 of the Dungeon.
You were a hulking beast.
You visited 1 branch of the dungeon, and saw 3 of its levels.

You collected 57 gold pieces.

Inventory:

Armour
 a - a +0 animal skin (worn)
Talismans
 c - a beast talisman (active)
 d - a flux talisman
Scrolls
 f - a scroll of identify {unknown}
 h - a scroll of teleportation {unknown}
 k - 3 scrolls of revelation {unknown}
Potions
 b - a potion of lignification
 e - 3 potions of curing
 g - a potion of attraction {unknown}
 i - a potion of invisibility {unknown}
 j - a potion of ambrosia {unknown}
 l - a potion of haste {unknown}
 m - a potion of mutation {unknown}
 n - a potion of resistance {unknown}


   Skills:
 * Level 1.4 Fighting
 + Level 1.8 Dodging
 * Level 3.4 Unarmed Combat
 + Level 3.1 Shapeshifting


You had one spell level left.
You didn't know any spells.
Your spell library was empty.

Dungeon Overview and Level Annotations

Branches:
Dungeon (2/15)

Altars:

Annotations:
D:2 Jessica


Innate Abilities, Weirdness & Mutations

You are a hulking beast.
Your limbs bulge with bestial killing power. (Slay +1)
You are too large for most types of armour.
You have claws for hands.
Your natural rate of healing is unusually fast.
You are covered in fur. (AC +1)
You have tough skin. (AC +1)


Message History

You scratch the iguana.
The iguana is moderately wounded.
The ball python bites you but does no damage.
The iguana barely misses you.
Unknown command.
You closely miss the iguana.
The iguana is moderately wounded.
The ball python bites you but does no damage.
The ball python barely misses you.
An adder comes into view.
The hound bites you. The ball python barely misses you.
The adder hisses angrily.
You scratch the iguana.
The iguana is moderately wounded.
The ball python barely misses you. The iguana bites you.
The hound closely misses you.
The ball python bites you but does no damage.
The ball python closely misses you.
You claw the iguana!
The iguana is severely wounded.
The hound pauses to sniff the ground.
The hound bites you.
* * * LOW HITPOINT WARNING * * *
The iguana barely misses you. The ball python bites you.
* * * LOW HITPOINT WARNING * * *
The ball python bites you but does no damage.
The hound bites you.
* * * LOW HITPOINT WARNING * * *
It was a potion of curing.
You feel better. The iguana bites you.
* * * LOW HITPOINT WARNING * * *
The hound bites you but does no damage. The ball python bites you.
* * * LOW HITPOINT WARNING * * *
The ball python bites you but does no damage.
Okay, then.
You barely miss the iguana.
The iguana is severely wounded.
The hound bites you.
* * * LOW HITPOINT WARNING * * *
The iguana bites you!
You die...

........#......###.###
......................#
........##>...........#
........#.......†......
.......................
.....#.##....).........
##....#...............
##....†................
...?..hh$..............
###...SlS....#........#
#.S...##..##........
.............#.......
.#......##....##..##
#......##.#......#
#.........#....
.....##.


You could see an iguana, a hound, an adder and 2 ball pythons.

Vanquished Creatures
  A dart slug (D:1)
  3 bats
  3 endoplasms (D:1)
  A giant cockroach (D:4)
  A goblin (D:1)
  5 hobgoblins
  4 ball pythons
  A frilled lizard (D:2)
  2 kobolds (D:1)
  A rat (D:1)
22 creatures vanquished.

Notes
Turn   | Place    | Note
-------+----------+-------------------------------------------
     0 | D:1      | BinkBink the Troll Shapeshifter began the quest for the
                  | Orb.
     0 | D:1      | Reached XP level 1. HP: 18/18 MP: 0/0
   121 | D:1      | Reached skill level 1 in Fighting
   202 | D:1      | Reached XP level 2. HP: 27/27 MP: 1/1
   661 | D:2      | Noticed Jessica
   662 | D:2      | You fall into a shaft and drop 2 floors!
   700 | D:4      | Slain by an iguana

Illustrated notes

Levels and vault maps discovered:
D:1:      psy_arrival_dodecagon, layout_loops_ring
D:2:      layout_basic, st_stairs_10, uniq_jessica, uniq_natasha
D:4:      layout_cave_pools, zin_angel, minmay_misc_feat_hallway

Skill      XL: |  1 |
---------------+----+-----
Fighting       | 1 |  1.4
Dodging        | |  1.8
Unarmed Combat | |  3.4
Shapeshifting  | |  3.1

Action                     || total
---------------------------++-------
  Melee: Unarmed           ||    43
         Punch             ||     1
    Use: Potion            ||     1
 Armour: Animal skin       ||    36
  Dodge: Dodged            ||    25
   Form: Beast             ||     1

Table legend: (Time is in decaauts)
 A = Elapsed time spent in this place.
 B = Non-inter-level travel time spent in this place.
 C = Inter-level travel time spent in this place.
 D = Time resting spent in this place.
 E = Time spent auto-exploring this place.
 F = Levels seen in this place.
 G = Mean time per level.
                   A        B        C        D        E       F      G
               +--------+--------+--------+--------+--------+-----+--------+
         Total |    697 |    661 |     36 |      0 |    534 |   3 |  232.3 |
       Dungeon |    697 |    661 |     36 |      0 |    534 |   3 |  232.3 |
               +--------+--------+--------+--------+--------+-----+--------+

Top non-repeatable levels by time:
     D:1: 601 daAuts
     D:2: 59 daAuts
     D:4: 36 daAuts
